 Dungeon Crawl Stone Soup version 0.29-a0-923-g6e406bff71 (webtiles) character file.

Game seed: 3804065285132663879

4 lembark the Conjurer (level 1, 13/13 HPs)
             Began as a Demonspawn Conjurer on July 27, 2022.
             Was a High Priest of Ignis.
             Quit the game on level 1 of the Dungeon.
             The game lasted 00:02:20 (1022 turns).

lembark the Conjurer (Demonspawn Conjurer)          Turns: 1022, Time: 00:02:20

Health: 13/13      AC:  2    Str:  7    XL:     1   Next: 58%
Magic:  3/3        EV: 12    Int: 19    God:    Ignis [*****.]
Gold:   19         SH:  0    Dex: 11    Spells: 3/4 levels left

rFire   + . .      SeeInvis .   c - +0 dagger
rCold   . . .      Faith    .   (no shield)
rNeg    . . .      Spirit   .   a - +0 robe
rPois   .          Reflect  .   (no helmet)
rElec   .          Harm     .   (no cloak)
rCorr   .          Rampage  .   (no gloves)
Will    .....                   (no boots)
Stlth   ++........              (no amulet)
HPRegen 0.04/turn               (no ring)
MPRegen 0.08/turn               (no ring)

@: no status effects
A: no striking features
a: Renounce Religion, Fiery Armour, Foxfire Swarm, Rising Flame


You were on level 1 of the Dungeon.
You worshipped Ignis.
Ignis was extremely pleased with you.
You visited 1 branch of the dungeon, and saw 1 of its levels.

You collected 19 gold pieces.

Inventory:

Hand Weapons
 c - a +0 dagger (weapon)
Armour
 a - a +0 robe (worn)
Scrolls
 e - a scroll of magic mapping {unknown}
Potions
 b - a potion of magic
 d - a potion of lignification {unknown}


   Skills:
 * Level 0.1 Fighting
 - Level 1.7 Dodging
 * Level 1.8 Stealth
 * Level 2.0 Spellcasting
 * Level 4.2 Conjurations


You had 3 spell levels left.
You knew the following spells:

 Your Spells              Type           Power      Damage    Failure   Level
a - Magic Dart            Conj           68%        1d6       3%          1

Your spell library contained the following spells:

 Spells                   Type           Power      Damage    Failure   Level
 Searing Ray              Conj           34%        2d5       4%          2
 Dazzling Flash           Conj/Hex       18%        N/A       22%         3
 Fulminant Prism          Conj/Hex       4%         3d6       56%         4
 Iskenderun's Mystic Bla  Conj/Tloc      9%         2d4       56%         4


Dungeon Overview and Level Annotations

Branches:
Dungeon (1/15)

Altars:
Ignis

Shops:
D:1 :


Message History

The bat barely misses you.
You see here a +0 dagger.
The bat hits you but does no damage.
You miss the bat. The bat closely misses you.
Unknown command.
Casting: Magic Dart (safe; 3% risk of failure)
Confirm with . or Enter, or press ? or * to list all spells.
Aiming: Magic Dart (safe; 3% risk of failure)
Press: ? - help, Shift-Dir - straight line, f - bat
Aim: a bat (100% to hit)
The magic dart hits the bat.
You kill the bat!
d - a fizzy brown potion You start resting.
Magic restored.
You start resting.
HP restored.
You start waiting.
Done waiting.
You start waiting.
Done waiting.
e - a scroll labelled WISSADD ZYNALE
Found a stone staircase leading down.
You open the door.
There is an open door here.
There is an open door here.
You open the door.
Found a faded altar of an unknown god.
There is an open door here.
There is a faded altar of an unknown god here.
You cannot tell which god this altar belongs to.
Convert to them anyway?
Ignis accepts your prayer! Ignis welcomes you!
Unknown command.
Press < or > to pray at altars.
Unknown command.
Press < or > to pray at altars.
Unknown command.
Press < or > to pray at altars.
Are you sure you want to abandon this character and quit the game? (Confirm with "yes".)

#.###................#....#....##
#.# #................#....#....##
#.########...........#....#....##
.....# #...........#....#....##
#.##.# ####.######.##'###....##
#... # #.# #...........## #.##+
######'## #...........## ###
.........#############.....
..........@....... #.....
............###### #.....
............# #.....
............# #.....
............. #.....
........###### #..... .......
#..... .#.... #..... #.....


There were no monsters in sight!

Vanquished Creatures
  An endoplasm (D:1)
  A goblin (D:1)
  A bat (D:1)
  A kobold (D:1)
  A rat (D:1)
5 creatures vanquished.

Notes
Turn   | Place    | Note
-------+----------+-------------------------------------------
     0 | D:1      | lembark the Demonspawn Conjurer began the quest for the
                  | Orb.
     0 | D:1      | Reached XP level 1. HP: 13/13 MP: 3/3
   402 | D:1      | Found Kiruinuz's Book Shop.
  1017 | D:1      | Found a faded altar of an unknown god.
  1021 | D:1      | Prayed at the altar of an unknown god.
  1021 | D:1      | Became a worshipper of Ignis, the Dying Flame
  1022 | D:1      | Quit the game

Illustrated notes

Levels and vault maps discovered:
D:1:      lightli_iron_boxes, layout_basic, serial_shops,
          nicolae_shop_advertising_works [nicolae_subvault_shop_adworks],
          basic_ecumenical_altar, nrook_mini_vaults

Action                   || total
-------------------------++-------
Melee: Dagger            ||     3
 Cast: Magic Dart        ||     9
Armor: Robe              ||     4
Dodge: Dodged            ||     7

Table legend: (Time is in decaauts)
 A = Elapsed time spent in this place.
 B = Non-inter-level travel time spent in this place.
 C = Inter-level travel time spent in this place.
 D = Time resting spent in this place.
 E = Time spent auto-exploring this place.
 F = Levels seen in this place.
 G = Mean time per level.
                   A        B        C        D        E       F      G
               +--------+--------+--------+--------+--------+-----+--------+
         Total |   1021 |   1021 |      0 |    627 |    341 |   1 | 1021.0 |
       Dungeon |   1021 |   1021 |      0 |    627 |    341 |   1 | 1021.0 |
               +--------+--------+--------+--------+--------+-----+--------+

Top non-repeatable levels by time:
     D:1: 1021 daAuts
